DSL
DSL TAMPA BAY RAYS @ DSL COLORADO ROCKIES
04/29/2042
 
TOP OF THE 1ST
DSL Tampa Bay Rays batting - Pitching for DSL Colorado Rockies : RHP Anastasio Zapata
Pitching: RHP Anastasio Zapata
Batting: LHB Alfredo Pérez 0-0: Hit by Pitch
Batting: RHB Alfredo Rosa 0-0: Ball
1-0: Called Strike
1-1: Called Strike
Alfredo Pérez steals 2nd, throwing error, E2
Alfredo Pérez to third
1-2: Strikes out swinging
Batting: RHB Víctor Morales 0-0: Called Strike
0-1: Called Strike
0-2: Strikes out looking
Batting: RHB Luis Antonio Vázquez 0-0: Foul Ball, location: 5SF
0-1: Foul Ball, location: 9LMF
0-2: Foul Ball, location: 2F
0-2: Ball
Wild Pitch!
Alfredo Pérez scores
1-2: Foul Ball, location: 9LMF
1-2: Ball
2-2: Ball
3-2: Foul Ball, location: 2F
3-2: Strikes out swinging
Top of the 1st over - 1 run, 0 hits, 1 error, 0 left on base; DSL Tampa Bay 1 - DSL Colorado 0
BOTTOM OF THE 1ST
DSL Colorado Rockies batting - Pitching for DSL Tampa Bay Rays : RHP Arturo Villegas
Pitching: RHP Arturo Villegas
Batting: RHB Luis Fuentes 0-0: Foul Ball, location: 23FF
0-1: Ball
1-1: Swinging Strike
1-2: Strikes out swinging
Batting: LHB Iván Gonzáles 0-0: Foul Ball, location: 2F
0-1: Foul Ball, location: 2F
0-2: Ball
1-2: Ball
2-2: Strikes out looking
Batting: RHB Joe Thomas 0-0: Ball
1-0: Called Strike
1-1: Foul Ball, location: 2F
1-2: Ball
2-2: Foul Ball, location: 3SF
2-2: Ball
3-2: Ground out 2-3 (Groundball, 15S, EV 70.0 MPH)
Bottom of the 1st over - 0 runs, 0 hits, 0 errors, 0 left on base; DSL Tampa Bay 1 - DSL Colorado 0
TOP OF THE 2ND
DSL Tampa Bay Rays batting - Pitching for DSL Colorado Rockies : RHP Anastasio Zapata
Batting: RHB Pancho Rodríguez 0-0: Ball
1-0: Ball
2-0: Ball
3-0: Base on Balls
Batting: LHB José Arredondo 0-0: Ball
1-0: Called Strike
1-1: Foul Ball, location: 7LSF
1-2: Strikes out swinging
Batting: RHB Héctor Martínez 0-0: Ball
1-0: Fly out, F9 (Flyball, 9LMF, EV 92.5 MPH)
Batting: SHB Jorge Marte 0-0: Called Strike
0-1: Called Strike
0-2: Ball
1-2: Ball
2-2: Strikes out swinging
Top of the 2nd over - 0 runs, 0 hits, 0 errors, 1 left on base; DSL Tampa Bay 1 - DSL Colorado 0
BOTTOM OF THE 2ND
DSL Colorado Rockies batting - Pitching for DSL Tampa Bay Rays : RHP Arturo Villegas
Batting: LHB Luis Salazar 0-0: Ball
1-0: Ball
2-0: Ball
3-0: Called Strike
3-1: Base on Balls
Batting: RHB Luis Rosales 0-0: Ball
1-0: Ball
2-0: Grounds into double play, 4-6-3 (Groundball, 34S, EV 85.6 MPH)
Batting: LHB Raúl Rodríguez 0-0: Called Strike
0-1: Ball
1-1: Ball
2-1: Hit by Pitch
Pinch Runner at 1st Anastasio Castillo:
Batting: SHB Juan Méndez 0-0: Ball
1-0: Foul Ball, location: 7LMF
1-1: Ball
2-1: Ball
3-1: Called Strike
3-2: Base on Balls
Anastasio Castillo to second
Batting: LHB David Salinas 0-0: Ball
1-0: DOUBLE (Line Drive, 7LM, EV 110.0 MPH)
Anastasio Castillo scores
Juan Méndez to third
Runner from 3rd tries for Home, SAFE, no throw by LF
Batting: RHB Chris Williams 0-0: Called Strike
0-1: Called Strike
0-2: Ball
1-2: Foul Ball, location: 2F
1-2: SINGLE (Line Drive, 56D, EV 103.1 MPH)
David Salinas to third
Batting: RHB Luis Fuentes 0-0: Called Strike
0-1: Called Strike
0-2: Foul Ball, location: 9LDF
0-2: Fly out, F4 (Line Drive, 4MD, EV 70.0 MPH)
Bottom of the 2nd over - 2 runs, 2 hits, 0 errors, 2 left on base; DSL Tampa Bay 1 - DSL Colorado 2
TOP OF THE 3RD
DSL Tampa Bay Rays batting - Pitching for DSL Colorado Rockies : RHP Anastasio Zapata
Now at 1B: Jim Unknown
Batting: RHB Héctor Mercado 0-0: Ball
1-0: Called Strike
1-1: Swinging Strike
1-2: Foul Ball, location: 2F
1-2: Ball
2-2: Strikes out looking
Batting: LHB Alfredo Pérez 0-0: Ball
1-0: Swinging Strike
1-1: Ball
2-1: Foul Ball, location: 2F
2-2: Strikes out swinging
Batting: RHB Alfredo Rosa 0-0: Called Strike
0-1: Ball
1-1: Ground out 6-3 (Groundball, 6, EV 103.1 MPH)
Top of the 3rd over - 0 runs, 0 hits, 0 errors, 0 left on base; DSL Tampa Bay 1 - DSL Colorado 2
BOTTOM OF THE 3RD
DSL Colorado Rockies batting - Pitching for DSL Tampa Bay Rays : RHP Arturo Villegas
Batting: LHB Iván Gonzáles 0-0: Called Strike
0-1: Foul Ball, location: 7LMF
0-2: Ball
1-2: Strikes out swinging
Batting: RHB Joe Thomas 0-0: Ball
1-0: Ground out 6-3 (Groundball, 6M, EV 88.1 MPH)
Batting: LHB Luis Salazar 0-0: Ball
1-0: Swinging Strike
1-1: Ball
2-1: Foul Ball, location: 2F
2-2: Strikes out looking
Bottom of the 3rd over - 0 runs, 0 hits, 0 errors, 0 left on base; DSL Tampa Bay 1 - DSL Colorado 2
TOP OF THE 4TH
DSL Tampa Bay Rays batting - Pitching for DSL Colorado Rockies : RHP Anastasio Zapata
Batting: RHB Víctor Morales 0-0: Ball
1-0: Ball
2-0: Called Strike
2-1: Ball
3-1: Foul Ball, location: 5F
3-2: Ground out 5-3 (Groundball, 56S, EV 90.6 MPH)
Batting: RHB Luis Antonio Vázquez 0-0: Ball
1-0: SINGLE (Groundball, 6M, EV 103.8 MPH)
Batting: RHB Pancho Rodríguez 0-0: Ball
Luis Antonio Vázquez steals 2nd base
1-0: Foul Ball, location: 2F
1-1: Called Strike
1-2: Foul Ball, location: 2F
1-2: Ball
Wild Pitch!
Luis Antonio Vázquez to third
2-2: Ball
3-2: Foul Ball, location: 7LSF
3-2: Fly out, F8 (Flyball, 8RD, EV 95.6 MPH)
Runner from 3rd tags up, OUT at HOME! 8-2
Top of the 4th over - 0 runs, 1 hit, 0 errors, 0 left on base; DSL Tampa Bay 1 - DSL Colorado 2
BOTTOM OF THE 4TH
DSL Colorado Rockies batting - Pitching for DSL Tampa Bay Rays : RHP Arturo Villegas
Batting: RHB Luis Rosales 0-0: Ball
1-0: Ball
2-0: Foul Ball, location: 9LDF
2-1: Ball
3-1: Called Strike
3-2: SINGLE (Groundball, 56S, EV 61.3 MPH) (infield hit)
Batting: RHB Jim Unknown 0-0: Sac Bunt to 3S - play at first, batter OUT! 3-4
Luis Rosales to second
Batting: SHB Juan Méndez 0-0: Hit by Pitch
Batting: LHB David Salinas 0-0: Ball
1-0: Ball
2-0: Grounds into double play, 6-4-3 (Groundball, 6, EV 103.1 MPH)
Bottom of the 4th over - 0 runs, 1 hit, 0 errors, 1 left on base; DSL Tampa Bay 1 - DSL Colorado 2
TOP OF THE 5TH
DSL Tampa Bay Rays batting - Pitching for DSL Colorado Rockies : RHP Anastasio Zapata
Batting: LHB José Arredondo 0-0: Foul Ball, location: 7LDF
0-1: Ball
1-1: Ball
2-1: Swinging Strike
2-2: Ball
3-2: Base on Balls
Batting: RHB Héctor Martínez 0-0: Ball
1-0: Ball
José Arredondo steals 2nd base
2-0: Swinging Strike
2-1: Ball
3-1: Base on Balls
Batting: SHB Jorge Marte 0-0: Ball
1-0: Foul Ball, location: 2F
1-1: Ball
2-1: Ball
3-1: Base on Balls
José Arredondo to third
Héctor Martínez to second
Pitching: RHP Gilberto Viña
Batting: RHB Héctor Mercado 0-0: Foul Ball, location: 3DF
0-1: Foul Ball, location: 9LDF
0-2: Strikes out swinging
Batting: LHB Alfredo Pérez 0-0: Called Strike
0-1: Ball
1-1: Foul Ball, location: 7LSF
1-2: Grounds into double play, 3-2-3 (Groundball, 34S, EV 63.1 MPH)
Top of the 5th over - 0 runs, 0 hits, 0 errors, 2 left on base; DSL Tampa Bay 1 - DSL Colorado 2
BOTTOM OF THE 5TH
DSL Colorado Rockies batting - Pitching for DSL Tampa Bay Rays : RHP Arturo Villegas
Batting: RHB Chris Williams 0-0: Ball
1-0: Foul Ball, location: 9LMF
1-1: Ball
2-1: Ball
3-1: Foul Ball, location: 2F
3-2: Strikes out swinging
Batting: RHB Luis Fuentes 0-0: Ball
1-0: Ball
2-0: Foul Ball, location: 2F
2-1: Ball
3-1: Foul Ball, location: 23F
3-2: Strikes out swinging
Batting: LHB Iván Gonzáles 0-0: Called Strike
0-1: Swinging Strike
0-2: Strikes out looking
Bottom of the 5th over - 0 runs, 0 hits, 0 errors, 0 left on base; DSL Tampa Bay 1 - DSL Colorado 2
TOP OF THE 6TH
DSL Tampa Bay Rays batting - Pitching for DSL Colorado Rockies : RHP Gilberto Viña
Batting: RHB Alfredo Rosa 0-0: Called Strike
0-1: Foul Ball, location: 9LDF
0-2: Ball
1-2: Ball
2-2: Strikes out swinging
Batting: RHB Víctor Morales 0-0: SOLO HOME RUN (Flyball, 7D, EV 96.3 MPH), Distance : 342 ft
Batting: RHB Luis Antonio Vázquez 0-0: Foul Ball, location: 7LDF
0-1: Foul Ball, location: 3F
0-2: Ball
1-2: Ball
2-2: Ball
3-2: Foul Ball, location: 23FF
3-2: SINGLE (Groundball, 34D, EV 96.9 MPH)
Batting: RHB Pancho Rodríguez 0-0: Called Strike
0-1: Called Strike
0-2: Foul Ball, location: 23F
0-2: Ball
1-2: Foul Ball, location: 2F
1-2: Ball
2-2: 2-RUN HOME RUN (Flyball, 78XD, EV 106.9 MPH), Distance : 412 ft
Pitching: RHP Nelson Robles
Batting: LHB José Arredondo 0-0: Called Strike
0-1: Ball
1-1: Foul Ball, location: 7LDF
1-2: Foul Ball, location: 3FF
1-2: Foul Ball, location: 3FF
1-2: Strikes out looking
Batting: RHB Héctor Martínez 0-0: Ball
1-0: Ground out 4-3 (Groundball, 4, EV 103.1 MPH)
Top of the 6th over - 3 runs, 3 hits, 0 errors, 0 left on base; DSL Tampa Bay 4 - DSL Colorado 2
BOTTOM OF THE 6TH
DSL Colorado Rockies batting - Pitching for DSL Tampa Bay Rays : RHP Arturo Villegas
Batting: RHB Joe Thomas 0-0: Called Strike
0-1: Ball
1-1: Ball
2-1: Called Strike
2-2: Strikes out swinging
Pitching: RHP Mario Rivera
Batting: LHB Luis Salazar 0-0: Foul Ball, location: 2F
0-1: Ball
1-1: Ball
2-1: Called Strike
2-2: Strikes out looking
Batting: RHB Luis Rosales 0-0: Called Strike
0-1: Called Strike
0-2: Ball
1-2: Ball
2-2: Foul Ball, location: 2LF
2-2: Strikes out swinging
Bottom of the 6th over - 0 runs, 0 hits, 0 errors, 0 left on base; DSL Tampa Bay 4 - DSL Colorado 2
TOP OF THE 7TH
DSL Tampa Bay Rays batting - Pitching for DSL Colorado Rockies : RHP Nelson Robles
Batting: SHB Jorge Marte 0-0: Called Strike
0-1: Ball
1-1: Ball
2-1: Called Strike
2-2: Foul Ball, location: 2F
2-2: Strikes out swinging
Batting: RHB Héctor Mercado 0-0: Called Strike
0-1: Foul Ball, location: 7LSF
0-2: Ball
1-2: Strikes out swinging
Batting: LHB Alfredo Pérez 0-0: Foul Ball, location: 5DF
0-1: Swinging Strike
0-2: Strikes out swinging
Top of the 7th over - 0 runs, 0 hits, 0 errors, 0 left on base; DSL Tampa Bay 4 - DSL Colorado 2
BOTTOM OF THE 7TH
DSL Colorado Rockies batting - Pitching for DSL Tampa Bay Rays : RHP Mario Rivera
Batting: RHB Jim Unknown 0-0: Ball
1-0: Called Strike
1-1: Foul Ball, location: 5SF
1-2: Foul Ball, location: 9LDF
1-2: Foul Ball, location: 2F
1-2: Strikes out swinging
Batting: SHB Juan Méndez 0-0: Ball
1-0: Foul Ball, location: 3FF
1-1: Foul Ball, location: 7LMF
1-2: Ball
2-2: Ball
3-2: Strikes out looking
Batting: LHB David Salinas 0-0: Called Strike
0-1: Ball
1-1: Ball
2-1: Swinging Strike
2-2: Foul Ball, location: 7LSF
2-2: SINGLE (Line Drive, 4M, EV 99.4 MPH)
Batting: RHB Chris Williams 0-0: Called Strike
0-1: Hit by Pitch
David Salinas to second
Pinch Hitting: RHB Jim Unknown 0-0: Foul Ball, location: 5F
0-1: Foul Ball, location: 9LDF
0-2: Fly out, F4 (Popup, 4MD, EV 48.8 MPH)
Bottom of the 7th over - 0 runs, 1 hit, 0 errors, 2 left on base; DSL Tampa Bay 4 - DSL Colorado 2
TOP OF THE 8TH
DSL Tampa Bay Rays batting - Pitching for DSL Colorado Rockies : RHP Nelson Robles
Now in LF: Jim Unknown
Batting: RHB Alfredo Rosa 0-0: Called Strike
0-1: Ball
1-1: Ball
2-1: Ground out 6-3 (Groundball, 6S, EV 67.5 MPH)
Batting: RHB Víctor Morales 0-0: Ball
1-0: Called Strike
1-1: Ball
2-1: Ball
3-1: Foul Ball, location: 9LSF
3-2: Base on Balls
Pitching: RHP Dan Murdoch
Batting: RHB Luis Antonio Vázquez 0-0: Swinging Strike
0-1: Ball
1-1: Ball
2-1: Ball
3-1: Foul Ball, location: 2F
3-2: Base on Balls
Víctor Morales to second
Batting: RHB Pancho Rodríguez 0-0: Ball
1-0: Ball
2-0: Ball
3-0: Base on Balls
Víctor Morales to third
Luis Antonio Vázquez to second
Batting: LHB José Arredondo 0-0: Foul Ball, location: 3DF
0-1: DOUBLE (Flyball, 8LD, EV 99.4 MPH)
Víctor Morales scores
Luis Antonio Vázquez scores
Pancho Rodríguez to third
Pinch Hitting: LHB Jorge Hernández 0-0: Called Strike
0-1: Ball
1-1: Swinging Strike
1-2: Strikes out swinging
Batting: SHB Jorge Marte 0-0: Called Strike
0-1: Ball
1-1: Foul Ball, location: 5F
1-2: Foul Ball, location: 5SF
1-2: Ball
2-2: Foul Ball, location: 2F
2-2: Foul Ball, location: 7LDF
2-2: Strikes out swinging
Top of the 8th over - 2 runs, 1 hit, 0 errors, 2 left on base; DSL Tampa Bay 6 - DSL Colorado 2
BOTTOM OF THE 8TH
DSL Colorado Rockies batting - Pitching for DSL Tampa Bay Rays : RHP Mario Rivera
Now at 3B: Juan León
Batting: LHB Iván Gonzáles 0-0: Ball
1-0: Ball
2-0: Ball
3-0: Base on Balls
Batting: RHB Joe Thomas 0-0: Called Strike
0-1: Ball
1-1: Foul Ball, location: 2F
1-2: Fly out, F4 (Popup, 4M, EV 68.1 MPH)
Pitching: RHP Jorge Hernández
Batting: LHB Luis Salazar 0-0: Called Strike
0-1: Called Strike
0-2: Strikes out swinging
Batting: RHB Luis Rosales 0-0: Ground out 4-3 (Groundball, 4, EV 100.6 MPH)
Bottom of the 8th over - 0 runs, 0 hits, 0 errors, 1 left on base; DSL Tampa Bay 6 - DSL Colorado 2
TOP OF THE 9TH
DSL Tampa Bay Rays batting - Pitching for DSL Colorado Rockies : RHP Dan Murdoch
Batting: RHB Héctor Mercado 0-0: Ground out 6-3 (Groundball, 6, EV 86.9 MPH)
Batting: LHB Alfredo Pérez 0-0: SINGLE (Line Drive, 9S, EV 106.9 MPH)
Batting: RHB Alfredo Rosa 0-0: Ball
1-0: DOUBLE (Flyball, 89D, EV 94.4 MPH)
Alfredo Pérez to third
Runner from 3rd tries for Home, SAFE, no throw by RF
Batting: RHB Víctor Morales 0-0: 2-RUN HOME RUN (Flyball, 78XD, EV 101.3 MPH), Distance : 404 ft
Pitching: RHP Luis Flores
Batting: RHB Luis Antonio Vázquez 0-0: Ball
1-0: Ball
2-0: Ball
3-0: Base on Balls
Pinch Hitting: LHB Norberto Burgos 0-0: Fielders Choice at 2nd, 6-4 (Groundball, 6, EV 103.1 MPH)
Batting: LHB José Arredondo 0-0: Ball
Norberto Burgos steals 2nd base
1-0: Ball
2-0: Ball
3-0: Called Strike
3-1: Foul Ball, location: 2F
3-2: Base on Balls
Batting: RHB Juan León 0-0: Called Strike
0-1: Swinging Strike
0-2: Strikes out swinging
Top of the 9th over - 3 runs, 3 hits, 0 errors, 2 left on base; DSL Tampa Bay 9 - DSL Colorado 2
BOTTOM OF THE 9TH
DSL Colorado Rockies batting - Pitching for DSL Tampa Bay Rays : RHP Jorge Hernández
Now in LF: Alfredo Pérez
Now in CF: Norberto Burgos
Pinch Hitting: SHB Desi Hinojosa 0-0: Swinging Strike
0-1: Swinging Strike
0-2: Foul Ball, location: 2F
0-2: Ball
1-2: Strikes out swinging
Batting: SHB Juan Méndez 0-0: Called Strike
0-1: Ball
1-1: Ball
2-1: Foul Ball, location: 2F
2-2: Strikes out swinging
Batting: LHB David Salinas 0-0: Called Strike
0-1: Swinging Strike
0-2: Strikes out swinging
Bottom of the 9th over - 0 runs, 0 hits, 0 errors, 0 left on base; DSL Tampa Bay 9 - DSL Colorado 2
Friday, May 3rd , 2024 - OOTP Baseball 24.10 Build 82